 Dungeon Crawl Stone Soup version 0.29.0-4-gdea44cf6ec (webtiles) character file.

Game seed: 8392398057862705088

567 qw the Cleaver (level 7, -3/41 HPs)
             Began as a Tengu Warper on Aug 28, 2022.
             Slain by a steam dragon (7 damage)
             ... on level 5 of the Dungeon.
             The game lasted 00:00:34 (5987 turns).

qw the Cleaver (Tengu Warper)                       Turns: 5987, Time: 00:00:35

Health: -3/41      AC:  8    Str: 13    XL:     7   Next: 33%
Magic:  11/11      EV: 11    Int: 14    God:
Gold:   75         SH:  0    Dex: 13    Spells: 10/10 levels left

rFire   . . .      SeeInvis +   Y - +0 war axe
rCold   + . .      Faith    .   (no shield)
rNeg    . . .      Spirit   .   c - +1 scale mail "Fagizec" {Rampage rC+ SInv}
rPois   .          Reflect  .   a - +1 hat
rElec   .          Harm     .   (no cloak)
rCorr   .          Rampage  +   (no gloves)
Will    .....                   (boots unavailable)
Stlth   ..........              (no amulet)
HPRegen 0.13/turn               (no ring)
MPRegen 0.12/turn               (no ring)

@: flying quickly and evasively, quick
A: beak, talons 3, nimble flight
a: no special abilities


You were on level 5 of the Dungeon.
You visited 2 branches of the dungeon, and saw 6 of its levels.

You collected 222 gold pieces.
You spent 147 gold pieces at shops.


Innate Abilities, Weirdness & Mutations

You have a beak for a mouth.
You have claws for feet.
Your magical nature lets you fly swiftly and evasively.


   Skills:
 - Level 3.1 Fighting
 + Level 8.1 Axes
 - Level 1.0 Throwing
 - Level 1.1 Armour
 - Level 2.1 Dodging
 - Level 2.0 Spellcasting
 - Level 2.4 Translocations


You had 10 spell levels left.
You didn't know any spells.
Your spell library contained the following spells:

 Spells                   Type           Power      Damage    Failure   Level
 Blink                    Tloc           16%        N/A       54%         2
 Gell's Gravitas          Tloc           8%         N/A       78%         3
 Lesser Beckoning         Tloc           8%         N/A       78%         3
 Teleport Other           Tloc           8%         N/A       78%         3
 Manifold Assault         Tloc           8%         N/A       100%        5

Inventory:

Hand Weapons
 d - a +0 flail
 e - the +4 whip of Extup {flame, rPois rC+ rN+ Dex+2}
   (You found it on level 3 of the Dungeon)

   It burns those it strikes, dealing additional fire damage.
   Dex:       It affects your dexterity (+2).
   rC:        It protects you from cold.
   rPois:     It protects you from poison.
   rN:        It protects you from negative energy.
 Y - a +0 war axe (weapon)
Armour
 a - a +1 hat (worn)
 c - the +1 scale mail "Fagizec" (worn) {Rampage rC+ SInv}
   (You found it on level 2 of the Dungeon)

   rC:        It protects you from cold.
   SInv:      It lets you see invisible.
   Rampage:   It bestows one free step when moving towards enemies.
 h - a +0 chain mail
 m - a +4 ring mail
Scrolls
 b - a scroll of magic mapping {unknown}
 f - a scroll of identify
 g - a scroll of silence {unknown}
 j - a scroll of poison {unknown}
Potions
 i - 3 potions of curing
 k - a potion of degeneration {unknown}
 l - a potion of magic {unknown}

Dungeon Overview and Level Annotations

Branches:
Dungeon (5/15)             Temple (1/1) D:4

Altars:
Ashenzari
Cheibriados
Elyvilon
Fedhas
Gozag
Hepliaklqana
Kikubaaqudgha
Nemelex Xobeh
Qazlal
Ru
Sif Muna
Trog
Uskayaw
Vehumet
Xom
Yredelemnul

Shops:
D:1 !   D:5 [


Message History

The ball of steam hits you!
You hear a shout!
You hit the ice beast but do no damage.
You claw the ice beast, but do no damage.
Your peck misses the ice beast.
The ice beast is moderately wounded.
You closely miss the steam dragon.
You are engulfed in a cloud of scalding steam.
The steam dragon bites you. The steam dragon closely misses you.
The ice beast hits you but does no damage.
You barely miss the ice beast.
The ice beast is moderately wounded.
You barely miss the steam dragon.
An ufetubus comes into view.
The steam dragon bites you.
The steam dragon claws you but does no damage.
The ice beast closely misses you.
The ice beast hits you but does no damage.
The steam dragon bites you. The steam dragon claws you.
You barely miss the ice beast.
You claw the ice beast, but do no damage.
The ice beast is moderately wounded.
You closely miss the steam dragon. The ice beast hits you.
The ice beast freezes you. You resist. The steam dragon closely misses you.
The steam dragon claws you but does no damage.
You closely miss the ice beast.
You claw the ice beast, but do no damage.
Your peck misses the ice beast.
The ice beast is moderately wounded.
You hit the steam dragon but do no damage.
The ice beast hits you but does no damage.
The steam dragon breathes steam at you. The ball of steam hits you.
You barely miss the ice beast.
The ice beast is lightly wounded.
You hit the steam dragon.
You are engulfed in a cloud of scalding steam.
The ice beast barely misses you. The steam dragon bites you!
You die...

#.............<...)..#..
..................>......
..........................
..............##.......##.
...............##........
...........#.#..#......#..
...........####¤¤#........
..........#####¤¤#.......
..........##....@Y......
......... #...#.D5......
....... .....##.........
...... ..... ##....#...
...... ..## #....# .# .. .
.....# # . ...... .......


You could see a steam dragon, an ice beast and an ufetubus.

Vanquished Creatures
  An ice beast (D:5)
  A necrophage (D:4)
  A howler monkey (D:5)
  A jelly (D:4)
  A hound (D:5)
  A gnoll bouda (D:5)
  2 orc priests (D:4)
  An iguana (D:5)
  An orc wizard (D:4)
  Robin (D:3)
  3 gnolls (D:5)
  3 adders
  A white imp (D:5)
  10 orcs
  9 endoplasms
  2 giant cockroaches (D:4)
  16 goblins
  11 hobgoblins
  3 jackals (D:4)
  9 kobolds
  3 quokkas
  7 ball pythons (D:1)
  5 bats
  2 frilled lizards (D:2)
  6 rats
101 creatures vanquished.

Vanquished Creatures (others)
  8 fungi (D:1)
  A plant (D:1)
9 creatures vanquished.

Grand Total: 110 creatures vanquished

Notes
Turn   | Place    | Note
-------+----------+-------------------------------------------
     0 | D:1      | qw the Tengu Warper began the quest for the Orb.
     0 | D:1      | Reached XP level 1. HP: 12/12 MP: 4/4
     0 | D:1      | 0 ||| qw: Version: 0.1-a-89-g26bdef1
     0 | D:1      | 0 ||| qw: Game counter: 1873
     0 | D:1      | 0 ||| qw: Always use a shield: true
     0 | D:1      | 0 ||| qw: God list: Okawaru
     0 | D:1      | 0 ||| qw: Allow faded altars: false
     0 | D:1      | 0 ||| qw: Do Orc after D:15 true
     0 | D:1      | 0 ||| qw: Do second Lair branch before Depths: true
     0 | D:1      | 0 ||| qw: Lair rune preference: random
     0 | D:1      | 0 ||| qw: Plans: Normal
     0 | D:1      | 0 ||| PLANNING D:1-11
    11 | D:1      | 11 ||| Stepping ~*~*~tactically~*~*~ (stealth).
    36 | D:1      | Reached XP level 2. HP: 10/17 MP: 6/6
    47 | D:1      | 47 ||| Stepping ~*~*~tactically~*~*~ (stealth).
    53 | D:1      | Reached skill level 3 in Axes
    88 | D:1      | 88 ||| Stepping ~*~*~tactically~*~*~ (stealth).
    97 | D:1      | 97 ||| Stepping ~*~*~tactically~*~*~ (stealth).
    98 | D:1      | 98 ||| Stepping ~*~*~tactically~*~*~ (stealth).
   105 | D:1      | 105 ||| Stepping ~*~*~tactically~*~*~ (stealth).
   223 | D:1      | 223 ||| DROPPING +0 club.
   294 | D:1      | 294 ||| Stepping ~*~*~tactically~*~*~ (stealth).
   479 | D:1      | 479 ||| Stepping ~*~*~tactically~*~*~ (stealth).
   480 | D:1      | 480 ||| Stepping ~*~*~tactically~*~*~ (stealth).
   579 | D:1      | Found Vovuc's Distillery.
   588 | D:1      | 588 ||| SHOPLISTING 2 potions of curing (72 gold, have 6).
   588 | D:1      | 588 ||| SHOPLISTING potion of curing (36 gold, have 6).
   588 | D:1      | 588 ||| SHOPLISTING potion of heal wounds (60 gold, have
                  | 6).
   588 | D:1      | 588 ||| SHOPLISTING potion of mutation (96 gold, have 6).
   806 | D:1      | Reached XP level 3. HP: 21/21 MP: 7/7
   948 | D:1      | 948 ||| Stepping ~*~*~tactically~*~*~ (stealth).
  1264 | D:1      | Found a faded altar of an unknown god.
  1269 | D:1      | Reached skill level 4 in Axes
  1389 | D:1      | 1389 ||| UPGRADING to +0 chain mail.
  1399 | D:1      | 1399 ||| DROPPING +0 leather armour.
  1400 | D:1      | 1400 ||| READING scroll labelled KYCAHI PONUK.
  1401 | D:1      | 1401 ||| READING 2 scrolls labelled LYUNLY YROOLI.
  1402 | D:1      | 1402 ||| READING scroll of enchant weapon.
  1402 | D:1      | 1402 ||| ENCHANTING +1 hand axe.
  1403 | D:1      | 1403 ||| READING scroll labelled AGYBUI ANGYI.
  1404 | D:1      | 1404 ||| READING scroll labelled USAESCH ZICRI.
  1405 | D:1      | 1405 ||| READING 2 scrolls labelled DATUAMNAIT.
  1406 | D:1      | 1406 ||| READING scroll labelled CUTSI ILAE.
  1527 | D:1      | 1527 ||| DROPPING scroll of blinking.
  1528 | D:1      | 1528 ||| DROPPING scroll of butterflies.
  1562 | D:2      | 1562 ||| STAIRDANCE
  1761 | D:2      | Identified the +1 scale mail "Fagizec" {Rampage rC+ SInv}
  2272 | D:2      | 2272 ||| UPGRADING to +1 hat.
  2277 | D:2      | 2277 ||| UPGRADING to +1 scale mail "Fagizec" {Rampage rC+
                  | SInv}.
  2367 | D:3      | Reached XP level 4. HP: 26/26 MP: 8/8
  2405 | D:3      | 2405 ||| Stepping ~*~*~tactically~*~*~ (stealth).
  2405 | D:3      | Noticed Robin
  2406 | D:3      | 2406 ||| Stepping ~*~*~tactically~*~*~ (stealth).
  2408 | D:3      | 2408 ||| Stepping ~*~*~tactically~*~*~ (stealth).
  2422 | D:3      | Killed Robin
  2429 | D:3      | Reached skill level 5 in Axes
  2493 | D:3      | 2493 ||| FLEEEEING.
  2591 | D:3      | 2591 ||| DROPPING +0 whip.
  2613 | D:3      | 2613 ||| Stepping ~*~*~tactically~*~*~ (stealth).
  2629 | D:3      | 2629 ||| Stepping ~*~*~tactically~*~*~ (stealth).
  2653 | D:3      | Identified the +4 whip of Extup {flame, rPois rC+ rN+
                  | Dex+2}
  3334 | D:3      | 3334 ||| DRINKING 2 silvery potions.
  3335 | D:3      | 3335 ||| READING 2 scrolls of identify.
  3335 | D:3      | 3335 ||| IDENTIFYING lumpy red potion
  3336 | D:3      | 3336 ||| DROPPING potion of ambrosia.
  3369 | D:4      | Found a staircase to the Ecumenical Temple.
  3370 | D:4      | 3370 ||| PLANNING TEMPLE
  3378 | Temple   | Entered the Ecumenical Temple
  3542 | Temple   | 3542 ||| PLANNING D:1-11
  3599 | D:4      | 3599 ||| SWAPPING to +0 war axe.
  3627 | D:4      | 3627 ||| DROPPING +2 hand axe.
  3647 | D:4      | Identified the +9 quarterstaff of Hepliaklqana's Anger
                  | {drain, rElec Will++}
  3833 | D:4      | 3833 ||| Stepping ~*~*~tactically~*~*~ (hiding).
  3837 | D:4      | HP: 3/26 [orc priest/divine providence (10)]
  3838 | D:4      | Gained mutation: Your magical nature lets you fly swiftly
                  | and evasively. [Tengu growth]
  3838 | D:4      | Reached XP level 5. HP: 3/30 MP: 9/9
  3838 | D:4      | 3838 ||| Stepping ~*~*~tactically~*~*~ (hiding).
  3839 | D:4      | 3839 ||| FLEEEEING.
  3840 | D:4      | 3840 ||| FLEEEEING.
  3841 | D:4      | 3841 ||| FLEEEEING.
  3842 | D:4      | 3842 ||| FLEEEEING.
  3843 | D:4      | 3843 ||| FLEEEEING.
  3844 | D:4      | 3844 ||| FLEEEEING.
  3845 | D:4      | 3845 ||| FLEEEEING.
  3846 | D:4      | 3846 ||| FLEEEEING.
  3847 | D:4      | 3847 ||| FLEEEEING.
  3848 | D:4      | 3848 ||| FLEEEEING.
  3849 | D:4      | 3849 ||| FLEEEEING.
  3851 | D:4      | 3851 ||| FLEEEEING.
  3852 | D:4      | 3852 ||| FLEEEEING.
  3853 | D:4      | 3853 ||| FLEEEEING.
  3854 | D:4      | 3854 ||| STAIRDANCE
  4107 | D:4      | 4107 ||| STAIRDANCE
  4166 | D:4      | 4166 ||| STAIRDANCE
  4179 | D:4      | Reached skill level 6 in Axes
  4511 | D:4      | 4511 ||| DROPPING +0 whip of draining.
  4982 | D:4      | Reached skill level 7 in Axes
  4982 | D:4      | Reached XP level 6. HP: 33/35 MP: 10/10
  5127 | D:4      | 5127 ||| READING scroll labelled PUYZUD TYREUSI.
  5130 | D:4      | 5130 ||| DRINKING 3 fizzy emerald potions.
  5131 | D:4      | 5131 ||| READING 2 scrolls of identify.
  5131 | D:4      | 5131 ||| IDENTIFYING amethyst potion
  5132 | D:4      | 5132 ||| DROPPING potion of brilliance.
  5140 | D:5      | Entered Level 5 of the Dungeon
  5158 | D:5      | 5158 ||| Stepping ~*~*~tactically~*~*~ (hiding).
  5159 | D:5      | 5159 ||| Stepping ~*~*~tactically~*~*~ (hiding).
  5287 | D:5      | Noticed an ice beast
  5298 | D:5      | HP: 8/36 [orc/+0 mace (4)]
  5299 | D:5      | 5299 ||| DRINKING potion of heal wounds.
  5305 | D:5      | Reached skill level 3 in Fighting
  5314 | D:5      | Killed an ice beast
  5315 | D:5      | Reached XP level 7. HP: 13/41 MP: 11/11
  5685 | D:5      | Found Lyoschali's Antique Armour Shoppe.
  5694 | D:5      | 5694 ||| SHOPLISTING glowing orb (252 gold, have 222).
  5694 | D:5      | 5694 ||| BUYING glowing ring mail (147 gold).
  5694 | D:5      | Bought a glowing ring mail for 147 gold pieces
  5694 | D:5      | 5694 ||| SHOPLISTING runed troll leather armour (378 gold,
                  | have 75).
  5694 | D:5      | 5694 ||| SHOPLISTING shiny chain mail (157 gold, have 75).
  5714 | D:5      | Reached skill level 8 in Axes
  5718 | D:5      | HP: 8/41 [gnoll/+0 spear[a gnoll bouda] (4)]
  5977 | D:5      | Noticed a steam dragon
  5985 | D:5      | HP: 9/41 [ice beast (4)]
  5986 | D:5      | HP: 4/41 [steam dragon/ball of steam (5)]
  5987 | D:5      | Slain by a steam dragon

Levels and vault maps discovered:
D:1:      spicycebolla_arrival_clurvy, layout_loops_ring,
          shapermc_ecumenical_altar_notcrosses, serial_shops,
          nicolae_square_shop
D:2:      layout_loops_ring
D:3:      layout_basic, nicolae_eternal_life, uniq_robin
D:4:      layout_basic, minmay_temple_entry_antechambers,
          chequers_serial_rivers_micro_b, hex_medium, grunt_ministairs_4,
          fountainhead, corexii_hall_statues_deadend,
          minmay_misc_feat_nine_boxes, nicolae_zen_rock_garden, minmay_quantized
D:5:      layout_cave_pools, serial_shops, nicolae_shop_overgrown_old_shop
Temple:   nicolae_temple_slightly_damp_pantheon

Skill      XL: |  1  2  3  4  5  6  7 |
---------------+----------------------+-----
Axes           | 3 4 5 7 8 |  8.1
Fighting       | 3 |  3.1
Throwing       | |  1.0
Armour         | |  1.1
Dodging        | |  2.1
Spellcasting   | |  2.0
Translocations | |  2.4

Action                   |  1- 3 |  4- 6 |  7- 9 || total
-------------------------+-------+-------+-------++-------
Melee: Hand axe          |    82 |    35 |       ||   117
       Kick              |    22 |    32 |    10 ||    64
       Peck              |    12 |    16 |     6 ||    34
       War axe           |       |    79 |    30 ||   109
Throw: Boomerang         |     7 |       |       ||     7
  Use: Scroll            |     7 |     3 |       ||    10
       Potion            |       |     3 |       ||     3
Armor: Leather armour    |    13 |       |       ||    13
       Chain mail        |    14 |       |       ||    14
       Scale mail        |       |    46 |    19 ||    65
Dodge: Dodged            |    28 |    56 |    23 ||   107

Table legend:
 A = Non-vault XP
 B = Vault XP
 C = Vault XP percentage of total XP
 D = Non-vault monster count
 E = Vault monster count
 F = Vault count percentage of total count
                 A         B        C        D         E       F
            +---------+---------+-------+---------+---------+-------
      Total |     625 |     185 |  22.8 |      82 |      19 |  18.8
            +---------+---------+-------+---------+---------+-------
        D:1 |      49 |       0 |   0.0 |      31 |       0 |   0.0
        D:2 |      32 |       0 |   0.0 |      12 |       0 |   0.0
        D:3 |      36 |      32 |  47.1 |      12 |      11 |  47.8
        D:4 |     137 |     153 |  52.8 |      12 |       8 |  40.0
        D:5 |     371 |       0 |   0.0 |      15 |       0 |   0.0
            +---------+---------+-------+---------+---------+-------
